 Dungeon Crawl Stone Soup version 0.21.1-1-g345015fe64 (webtiles) character file.

11331 Fascinator the Thaumaturge (level 11, -13/83 (86) HPs)
             Began as a Gnoll Wanderer on July 24, 2018.
             Was a Priest of Yredelemnul.
             Killed from afar by a gargoyle (29 damage)
             ... with a stone arrow
             ... on level 10 of the Dungeon.
             The game lasted 00:58:30 (13530 turns).

Fascinator the Thaumaturge (Gnoll Wanderer)        Turns: 13530, Time: 00:58:30

HP:   -13/83 (86)   AC:  5    Str: 15    XL:     11   Next: 76%
MP:   1/26          EV: 15    Int: 24    God:    Yredelemnul [***...]
Gold: 383           SH:  6    Dex: 12    Spells: 17/32 levels left

rFire    + . .     SeeInvis .   a - +3 dagger
rCold    . . .     Gourm    .   k - +1 buckler
rNeg     . . .     Faith    +   K - +0 robe {rF+}
rPois    .         Spirit   .   (no helmet)
rElec    .         Reflect  .   D - scarf {cloud immunity}
rCorr    .         Harm     .   h - +0 pair of gloves
MR       .....                  E - +0 pair of boots
Stlth    +++++.....             I - amulet of faith
HPRegen  0.23/turn              C - +4 ring of intelligence
MPRegen  0.20/turn              s - ring of stealth

@: no status effects
A: distributed training, fangs 1, strong nose
a: Recall Undead Slaves, Injury Mirror, Animate Dead, Renounce Religion


You were on level 10 of the Dungeon.
You worshipped Yredelemnul.
Yredelemnul was most pleased with you.
You were hungry.

You visited 1 branch of the dungeon, and saw 10 of its levels.

You collected 515 gold pieces.
You spent 132 gold pieces at shops.

Inventory:

Hand Weapons
 a - a +3 dagger (weapon)
Armour
 h - a +0 pair of gloves (worn)
 k - a +1 buckler (worn)
 A - the +5 chain mail of the Five Scars {rF+ rN+ MR+}
   (You found it on level 9 of the Dungeon)

   It protects you from fire.
   It protects you from negative energy.
   It affects your resistance to hostile enchantments.
 D - a scarf of cloud immunity (worn)
 E - a +0 pair of boots (worn)
 K - a +0 robe of fire resistance (worn)
Magical Staves
 G - an uncursed staff of air
Jewellery
 n - an uncursed ring of flight
 r - an uncursed ring of ice
 s - a ring of stealth (right hand)
 C - a +4 ring of intelligence (left hand)
 I - an amulet of faith (around neck)
Wands
 M - a wand of clouds (4)
 N - a wand of random effects (33)
Scrolls
 b - 4 scrolls of blinking
 e - a scroll of magic mapping
 g - 4 scrolls of teleportation
 i - 6 scrolls of remove curse
 j - 3 scrolls of identify
 m - a scroll of amnesia
 o - 3 scrolls of enchant weapon
 t - a scroll of fear
 u - a scroll of enchant armour
 L - a scroll of fog
Potions
 l - a potion of degeneration
 p - 3 potions of mutation
 q - 3 potions of heal wounds
 v - 4 potions of curing
 w - a potion of haste
 x - a potion of ambrosia {unknown}
 z - 2 potions of lignification
 B - 2 potions of flight
 F - a potion of brilliance
 H - 2 potions of cancellation
 J - 3 potions of agility
Books
 c - the Incunabulum of Stones

   Spells                             Type                      Level
   a - Sandblast                      Earth                        1
   b - Stone Arrow                    Conjuration/Earth            3
 d - Sif Muna's Almanac of Ice

   Spells                             Type                      Level
   a - Freeze                         Ice                          1
   b - Ozocubu's Armour               Charms/Ice                   3
 y - a book of Minor Magic

   Spells                             Type                      Level
   a - Magic Dart                     Conjuration                  1
   b - Blink                          Translocation                2
   c - Call Imp                       Summoning                    2
   d - Slow                           Hexes                        2
   e - Conjure Flame                  Conjuration/Fire             3
   f - Mephitic Cloud                 Conjuration/Poison/Air       3
Comestibles
 f - 25 rations


   Skills:
 + Level 8.0 Fighting
 + Level 6.5 Short Blades
 + Level 6.5 Long Blades
 + Level 6.5 Axes
 + Level 6.5 Maces & Flails
 + Level 6.5 Polearms
 + Level 6.5 Staves
 + Level 6.5 Slings
 + Level 6.5 Bows
 + Level 6.5 Crossbows
 + Level 6.5 Throwing
 + Level 7.0 Armour
 + Level 6.5 Dodging
 + Level 7.8 Stealth
 + Level 6.5 Shields
 + Level 6.5 Unarmed Combat
 + Level 11.2 Spellcasting
 + Level 5.3 Conjurations
 + Level 5.3 Hexes
 + Level 5.3 Charms
 + Level 5.3 Summonings
 + Level 5.3 Necromancy
 + Level 5.3 Translocations
 + Level 5.3 Transmutations
 + Level 5.3 Fire Magic
 + Level 5.8 Ice Magic
 + Level 5.3 Air Magic
 + Level 5.3 Earth Magic
 + Level 5.3 Poison Magic
 + Level 7.1 Invocations
 + Level 6.5 Evocations


You had 17 spell levels left.
You knew the following spells:

 Your Spells              Type           Power        Failure   Level  Hunger
b - Ozocubu's Armour      Chrm/Ice       #####...     1%          3    None
c - Freeze                Ice            ####         1%          1    None
d - Stone Arrow           Conj/Erth      #####.       1%          3    None
e - Mephitic Cloud        Conj/Pois/Air  #####...     1%          3    None
f - Blink                 Tloc           N/A          1%          2    None
g - Conjure Flame         Conj/Fire      #####...     1%          3    None


Dungeon Overview and Level Annotations

Branches:
Dungeon (10/15)            Temple (0/1) D:5            Lair (0/6) D:8
    Orc: D:9-12

Altars:
Cheibriados
Dithmenos
Makhleb
Okawaru
Uskayaw
Wu Jian
Xom
Yredelemnul

Shops:
D:5 ![   D:8 (

Annotations:
D:5 motoroller71's ghost, novice GnGl
D:8 2 exclusions


Innate Abilities, Weirdness & Mutations

Your experience applies equally to all skills.
You have very sharp teeth.
Your uncanny sense of smell can sniff out nearby items.


Message History

Casting: Stone Arrow
Confirm with . or Enter, or press ? or * to list all spells.
Aiming: Stone Arrow
Press: ? - help, Shift-Dir - straight line, f/p - gargoyle
Aim: a gargoyle, wielding a mace (heavily damaged)
The stone arrow hits the gargoyle.
The gargoyle is severely damaged.
The gargoyle hurls a stone arrow at you.
The stone arrow misses you.
Casting: Stone Arrow
Confirm with . or Enter, or press ? or * to list all spells.
Aiming: Stone Arrow
Press: ? - help, Shift-Dir - straight line, f/p - gargoyle
Aim: a gargoyle, wielding a mace (severely damaged)
The stone arrow hits the gargoyle.
The gargoyle is almost destroyed.
The gargoyle hurls a stone arrow at you.
The stone arrow hits you!
You die...
Your body rises from the dead as a mindless zombie.

###########
#######.........##.#
#.....'.........##.#
#.#####.........##.#
#.............##.#
#.###.....≈...##.# #@#
#.........##.# #.#
#.........##.# #§#
#.........##.# #.....?9#
#.........##.. #.>......
+.........'...
#.......###......)..####
#>......# ########.....#
#.......# #.....#
#........ ......#


You could see a gargoyle.

Vanquished Creatures
  3 two-headed ogres
  The ghost of Ablot the Ducker, a novice GnWn of Cheibriados (D:9)
  An unseen horror (D:9)
  Pikel (D:9)
  The ghost of Ulv the Skirmisher, a novice GnWn of Okawaru (D:6)
  An ugly thing (D:7)
  2 trolls
  A hippogriff (D:7)
  A wyvern (D:8)
  5 yaks (D:9)
  2 humans
  4 hogs (D:8)
  A steam dragon (D:7)
  3 orc warriors
  3 ice beasts
  2 sky beasts
  3 phantoms
  8 necrophages
  A slave (D:9)
  An ogre (D:6)
  3 centaurs
  2 bullfrogs (D:8)
  A wyvern zombie (D:7)
  A gnoll sergeant (D:9)
  4 scorpions
  3 wights (D:7)
  5 killer bees (D:10)
  A howler monkey (D:5)
  2 crimson imps
  2 centaur zombies (D:7)
  2 bullfrog zombies
  A jelly (D:6)
  2 orc priests
  5 hounds
  3 bullfrog skeletons
  An iguana (D:8)
  8 worker ants
  8 orc wizards
  A hound skeleton (D:9)
  4 mummies
  2 worker ant zombies (D:7)
  14 gnolls
  9 adders
  2 shadow imps (D:9)
  An ooze (D:1)
  3 adder skeletons
  2 adder zombies (D:7)
  3 worms
  2 dart slugs
  7 leopard geckos
  21 orcs
  4 giant cockroaches
  7 goblins
  2 hobgoblins
  23 jackals
  3 quokkas
  A ball python (D:2)
  2 bats (D:2)
  7 frilled lizards
  5 kobolds
  A leopard gecko zombie (D:9)
  A quokka skeleton (D:7)
  3 rats
229 creatures vanquished.

Vanquished Creatures (collateral kills)
  A two-headed ogre (D:9)
1 creature vanquished.

Vanquished Creatures (others)
  A gnoll (D:9)
1 creature vanquished.

Grand Total: 231 creatures vanquished

Notes
Turn   | Place    | Note
-------+----------+-------------------------------------------
     0 | D:1      | Reached skill level 9 in Spellcasting
     0 | D:1      | Fascinator the Gnoll Wanderer began the quest for the Orb.
     0 | D:1      | Fascinator set off with: a +2 dagger, a scroll of blinking, the Incunabulum of Stones, Sif Muna's Almanac of Ice, a +0 robe, a ration
     0 | D:1      | Reached XP level 1. HP: 20/20 MP: 10/10
     0 | D:1      | Identified the Incunabulum of Stones
     0 | D:1      | Identified Sif Muna's Almanac of Ice
     2 | D:1      | Learned a level 1 spell: Sandblast
   183 | D:1      | Reached XP level 2. HP: 25/26 MP: 12/12
   900 | D:1      | Reached XP level 3. HP: 31/31 MP: 11/13
  1098 | D:2      | Reached skill level 1 in Invocations
  1545 | D:2      | Noticed a scorpion
  1554 | D:2      | Killed a scorpion
  1554 | D:2      | Reached skill level 1 in Short Blades
  1554 | D:2      | Reached skill level 1 in Long Blades
  1554 | D:2      | Reached skill level 1 in Axes
  1554 | D:2      | Reached skill level 1 in Maces & Flails
  1554 | D:2      | Reached skill level 1 in Polearms
  1554 | D:2      | Reached skill level 1 in Staves
  1554 | D:2      | Reached skill level 1 in Slings
  1554 | D:2      | Reached skill level 1 in Bows
  1554 | D:2      | Reached skill level 1 in Crossbows
  1554 | D:2      | Reached skill level 1 in Throwing
  1554 | D:2      | Reached skill level 1 in Dodging
  1554 | D:2      | Reached skill level 1 in Shields
  1554 | D:2      | Reached skill level 1 in Unarmed Combat
  1554 | D:2      | Reached skill level 1 in Conjurations
  1554 | D:2      | Reached skill level 1 in Hexes
  1554 | D:2      | Reached skill level 1 in Charms
  1554 | D:2      | Reached skill level 1 in Summonings
  1554 | D:2      | Reached skill level 1 in Necromancy
  1554 | D:2      | Reached skill level 1 in Translocations
  1554 | D:2      | Reached skill level 1 in Transmutations
  1554 | D:2      | Reached skill level 1 in Fire Magic
  1554 | D:2      | Reached skill level 1 in Air Magic
  1554 | D:2      | Reached skill level 1 in Earth Magic
  1554 | D:2      | Reached skill level 1 in Poison Magic
  1554 | D:2      | Reached skill level 1 in Evocations
  1554 | D:2      | Reached XP level 4. HP: 23/38 MP: 8/15
  1917 | D:2      | Learned a level 3 spell: Ozocubu's Armour
  1919 | D:2      | Learned a level 1 spell: Freeze
  1923 | D:2      | Learned a level 3 spell: Stone Arrow
  2055 | D:2      | Reached XP level 5. HP: 34/43 MP: 5/16
  2703 | D:3      | Found a burning altar of Makhleb.
  2705 | D:3      | Found a shimmering altar of Xom.
  2708 | D:3      | Found a snail-covered altar of Cheibriados.
  2797 | D:3      | Found an ornate altar of the Wu Jian Council.
  3048 | D:3      | Found a basalt altar of Yredelemnul.
  3050 | D:3      | Found a snail-covered altar of Cheibriados.
  3056 | D:3      | Found a shadowy altar of Dithmenos.
  3059 | D:3      | Became a worshipper of Yredelemnul the Dark
  3542 | D:4      | Noticed a phantom
  3544 | D:4      | Found a runed door.
  3544 | D:4      | Noticed a human
  3545 | D:4      | Found a basalt altar of Yredelemnul.
  3558 | D:4      | Killed a phantom
  3558 | D:4      | Reached XP level 6. HP: 33/50 MP: 7/18
  3634 | D:4      | Killed a human
  3634 | D:4      | Reached skill level 5 in Fighting
  3857 | D:4      | Learned a level 3 spell: Mephitic Cloud
  3885 | D:4      | Learned a level 2 spell: Blink
  3889 | D:4      | Learned a level 3 spell: Conjure Flame
  4005 | D:4      | Reached XP level 7. HP: 24/56 MP: 6/20
  4193 | D:4      | Found a hide-covered altar of Uskayaw.
  4515 | D:5      | Entered Level 5 of the Dungeon
  4577 | D:5      | Noticed motoroller71's ghost (novice GnGl)
  4594 | D:5      | Found Qoemm's Distillery.
  4602 | D:5      | Bought a potion of mutation for 96 gold pieces
  4602 | D:5      | Bought a potion of curing for 36 gold pieces
  4700 | D:5      | Found a staircase to the Ecumenical Temple.
  5015 | D:5      | Found Ymen's Armour Boutique.
  5377 | D:6      | Noticed Ulv's ghost (novice GnWn)
  5378 | D:6      | Reached * piety under Yredelemnul
  5691 | D:6      | Reached skill level 5 in Stealth
  6206 | D:6      | Reached XP level 8. HP: 31/63 MP: 0/21
  6823 | D:6      | Killed Ulv's ghost
  7120 | D:6      | Reached skill level 10 in Spellcasting
  7124 | D:6      | Reached XP level 9. HP: 64/69 MP: 2/23
  7489 | D:7      | Noticed a green ugly thing
  7498 | D:7      | Killed a green ugly thing
  7676 | D:7      | Reached skill level 5 in Armour
  7867 | D:7      | Reached ** piety under Yredelemnul
  8183 | D:7      | Reached skill level 5 in Invocations
  8377 | D:7      | Reached XP level 10. HP: 50/77 MP: 7/24
  9250 | D:8      | Reached skill level 5 in Short Blades
  9250 | D:8      | Reached skill level 5 in Long Blades
  9250 | D:8      | Reached skill level 5 in Axes
  9250 | D:8      | Reached skill level 5 in Maces & Flails
  9250 | D:8      | Reached skill level 5 in Polearms
  9250 | D:8      | Reached skill level 5 in Staves
  9250 | D:8      | Reached skill level 5 in Slings
  9250 | D:8      | Reached skill level 5 in Bows
  9250 | D:8      | Reached skill level 5 in Crossbows
  9250 | D:8      | Reached skill level 5 in Throwing
  9250 | D:8      | Reached skill level 5 in Dodging
  9250 | D:8      | Reached skill level 5 in Shields
  9250 | D:8      | Reached skill level 5 in Unarmed Combat
  9250 | D:8      | Reached skill level 5 in Evocations
  9630 | D:8      | Reached *** piety under Yredelemnul
  9758 | D:8      | Found a staircase to the Lair.
  9801 | D:8      | Noticed a two-headed ogre
  9828 | D:8      | Killed a two-headed ogre
 10190 | D:8      | Found Fizycrist's Weapon Boutique.
 10394 | D:8      | Found an iron altar of Okawaru.
 10409 | D:8      | Reached skill level 5 in Ice Magic
 11336 | D:9      | Received a gift from Yredelemnul (a mummy)
 11337 | D:9      | Noticed a two-headed ogre
 11345 | D:9      | Killed a two-headed ogre
 11345 | D:9      | Reached XP level 11. HP: 68/82 MP: 10/25
 11697 | D:9      | Noticed a two-headed ogre
 11709 | D:9      | Killed an unseen horror
 11714 | D:9      | Noticed Ablot's ghost (novice GnWn)
 11715 | D:9      | Killed a two-headed ogre
 11715 | D:9      | Reached skill level 5 in Conjurations
 11715 | D:9      | Reached skill level 5 in Hexes
 11715 | D:9      | Reached skill level 5 in Charms
 11715 | D:9      | Reached skill level 5 in Summonings
 11715 | D:9      | Reached skill level 5 in Necromancy
 11715 | D:9      | Reached skill level 5 in Translocations
 11715 | D:9      | Reached skill level 5 in Transmutations
 11715 | D:9      | Reached skill level 5 in Fire Magic
 11715 | D:9      | Reached skill level 5 in Air Magic
 11715 | D:9      | Reached skill level 5 in Earth Magic
 11715 | D:9      | Reached skill level 5 in Poison Magic
 11840 | D:9      | Killed Ablot's ghost
 11840 | D:9      | Reached skill level 11 in Spellcasting
 12080 | D:9      | Got a slimy chain mail
 12091 | D:9      | Identified the +5 chain mail of the Five Scars {rF+ rN+ MR+} (You found it on level 9 of the Dungeon)
 12242 | D:9      | Noticed a two-headed ogre
 12273 | D:9      | Killed a two-headed ogre
 12563 | D:9      | Noticed Pikel
 12592 | D:9      | Killed Pikel
 13033 | D:10     | Entered Level 10 of the Dungeon
 13530 | D:10     | Killed from afar by a gargoyle

Skill      XL: |  1  2  3  4  5  6  7  8  9 10 11 |
---------------+----------------------------------+-----
Spellcasting   | 10 11 | 11.2
Ice Magic      | 2 3 4 5 |  5.8
Invocations    | 1 2 3 4 5 6 7 |  7.1
Short Blades   | 1 2 3 4 5 6 |  6.5
Long Blades    | 1 2 3 4 5 6 |  6.5
Axes           | 1 2 3 4 5 6 |  6.5
Maces & Flails | 1 2 3 4 5 6 |  6.5
Polearms       | 1 2 3 4 5 6 |  6.5
Staves         | 1 2 3 4 5 6 |  6.5
Slings         | 1 2 3 4 5 6 |  6.5
Bows           | 1 2 3 4 5 6 |  6.5
Crossbows      | 1 2 3 4 5 6 |  6.5
Throwing       | 1 2 3 4 5 6 |  6.5
Dodging        | 1 2 3 4 5 6 |  6.5
Shields        | 1 2 3 4 5 6 |  6.5
Unarmed Combat | 1 2 3 4 5 6 |  6.5
Conjurations   | 1 2 3 4 5 |  5.3
Hexes          | 1 2 3 4 5 |  5.3
Charms         | 1 2 3 4 5 |  5.3
Summonings     | 1 2 3 4 5 |  5.3
Necromancy     | 1 2 3 4 5 |  5.3
Translocations | 1 2 3 4 5 |  5.3
Transmutations | 1 2 3 4 5 |  5.3
Fire Magic     | 1 2 3 4 5 |  5.3
Air Magic      | 1 2 3 4 5 |  5.3
Earth Magic    | 1 2 3 4 5 |  5.3
Poison Magic   | 1 2 3 4 5 |  5.3
Evocations     | 1 2 3 4 5 6 |  6.5
Armour         | 3 4 5 6 7 |  7.0
Fighting       | 5 6 7 8 |  8.0
Stealth        | 5 6 7 |  7.8

Action                   |  1- 3 |  4- 6 |  7- 9 | 10-12 || total
-------------------------+-------+-------+-------+-------++-------
Melee: Dagger            |    73 |    63 |     8 |   162 ||   306
       Bite              |     5 |     6 |     6 |    18 ||    35
       Staff             |       |       |    79 |       ||    79
 Cast: Sandblast         |    28 |    57 |    42 |       ||   127
       Stone Arrow       |       |     4 |    88 |   142 ||   234
       Ozocubu's Armour  |       |     4 |     2 |       ||     6
       Freeze            |       |     9 |    29 |    55 ||    93
       Mephitic Cloud    |       |     2 |     8 |    21 ||    31
       Conjure Flame     |       |     1 |    10 |     8 ||    19
       Blink             |       |     1 |     1 |     2 ||     4
Invok: Injury Mirror     |       |       |       |     1 ||     1
  Use: Scroll            |       |     1 |       |    17 ||    18
       Potion            |       |       |     3 |       ||     3
 Stab: Sleeping          |       |     5 |     7 |    11 ||    23
       Distracted        |       |       |       |     2 ||     2
       Confused          |       |       |       |     3 ||     3
  Eat: Chunk             |     1 |     5 |    11 |    11 ||    28
       Ration            |       |     1 |     1 |     1 ||     3
Armor: Robe              |     9 |    29 |    19 |    16 ||    73
Dodge: Dodged            |    50 |    34 |    58 |   133 ||   275
Block: Buckler           |     7 |     9 |    18 |    59 ||    93
